 Dungeon Crawl Stone Soup version 0.31-a0-267-g3fc6992b3b (webtiles) character file.

Game seed: 1858289347704560731

3115 Conn the Magician (level 9, -6/54 HPs)
             Began as an Octopode Fire Elementalist on July 13, 2023.
             Was a Follower of Sif Muna.
             Mangled by a two-headed ogre
             ... wielding a +0 giant club
              (22 damage)
             ... on level 7 of the Dungeon.
             The game lasted 00:23:21 (7847 turns).

Conn the Magician (Octopode Fire Elementalist)      Turns: 7847, Time: 00:23:21

Health: -6/54      AC:  1    Str:  8    XL:     9   Next: 91%
Magic:  20/20      EV: 14    Int: 21    God:    Sif Muna [*.....]
Gold:   438        SH:  5    Dex: 18    Spells: 6/23 levels left

rFire   . . .        w - +4 dire flail (protect)
rCold   . . .        (shield currently unavailable)
rNeg    . . .        (helmet restricted)
rPois   .            c - amulet of reflection
rElec   .            b - +6 ring of dexterity
rCorr   .            p - ring of willpower
SInv    .            (no ring)
Will    +....        (no ring)
Stlth   ++++         (no ring)
HPRegen 0.29/turn    (no ring)
MPRegen 0.17/turn    (no ring)
                     (no ring)

%: reflection
@: hasted, very quick
A: almost no armour, amphibious, 8 rings, camouflage 1, gelatinous body 1,
(nimble swimmer 1), tentacles
a: Renounce Religion, Channel Magic


You were on level 7 of the Dungeon.
You worshipped Sif Muna.
Sif Muna was aware of your devotion.
You visited 2 branches of the dungeon, and saw 8 of its levels.

You collected 438 gold pieces.

Inventory:

Hand Weapons
 m - a +0 short sword of speed
 w - a +4 dire flail of protection (weapon)
Missiles
 v - 9 poisoned darts (quivered)
Jewellery
 b - a +6 ring of dexterity (left tentacle)
 c - an amulet of reflection (around mantle)
 p - a ring of willpower (right tentacle)
Talismans
 u - a beast talisman
Wands
 d - a wand of charming (7)
 l - a wand of flame (18)
Scrolls
 e - a scroll of teleportation
 g - 2 scrolls of immolation
 j - a scroll of vulnerability
 q - a scroll of poison
Potions
 a - a potion of magic
 h - a potion of degeneration {unknown}
 i - a potion of curing
 k - 4 potions of enlightenment {unknown}
 n - a potion of invisibility {unknown}
 o - a potion of might
 r - a potion of lignification {unknown}
 s - a potion of attraction {unknown}
 t - a potion of cancellation {unknown}
Miscellaneous
 z - a phantom mirror


   Skills:
 + Level 1.6 Fighting
 + Level 0.8 Short Blades
 + Level 2.5 Maces & Flails
 + Level 1.8 Throwing
 + Level 3.2 Dodging
 + Level 4.9 Stealth
 + Level 0.9 Shields
 * Level 7.8 Spellcasting
 * Level 5.1 Conjurations
 + Level 1.1 Hexes
 + Level 6.7 Fire Magic
 + Level 3.3 Ice Magic


You had 6 spell levels left.
You knew the following spells:

 Your Spells              Type           Power      Damage    Failure   Level
a - Foxfire               Conj/Fire      100%       2x1d9     1%          1
b - Scorch                Fire           72%        2d8       1%          2
c - Inner Flame           Hex/Fire       24%        N/A       4%          3
d - Flame Wave            Conj/Fire      33%        2d10      7%          4
e - Ozocubu's Armour      Ice            22%        N/A       6%          3
f - Fulminant Prism       Conj/Hex       10%        3d9       22%         4

Your spell library contained the following spells:

 Spells                   Type           Power      Damage    Failure   Level
 Magic Dart               Conj           100%       1d8       1%          1
 Searing Ray              Conj           58%        2d6       1%          2
 Slow                     Hex            52%        N/A       4%          1
 Volatile Blastmotes      Fire/Tloc      44%        2d13      6%          3
 Wereblood                Tmut           8%         N/A       12%         2
 Confusing Touch          Hex            13%        N/A       16%         3
 Vampiric Draining        Necr           8%         2d6       24%         3
 Irradiate                Conj/Tmut      9%         3d14      61%         5
 Metabolic Englaciation   Hex/Ice        8%         N/A       65%         5
 Simulacrum               Ice/Necr       7%         N/A       99%         6


Dungeon Overview and Level Annotations

Branches:
Dungeon (7/15)             Temple (1/1) D:5

Altars:
Ashenzari
Cheibriados
Elyvilon
Hepliaklqana
Makhleb
Nemelex Xobeh
Sif Muna
Vehumet
Wu Jian
Zin

Shops:
D:2 =

Annotations:
D:6 1 runed translucent door, ciphuk's ghost, novice TrMo


Innate Abilities, Weirdness & Mutations

You cannot wear most types of armour.
You are amphibious.
You can wear up to eight rings at the same time.
Your skin changes colour to match your surroundings (Stealth+).
Your rubbery body absorbs attacks. (AC +1, EV +1)
((You are camouflaged when in or above water. (Stealth+)))
You have tentacles for arms and can constrict up to eight enemies at once.


Message History

Sif Muna accepts your kill.
Unknown command.
Your foxfire dissipates!
You see here a sky beast corpse.
A black bear is nearby!
Casting: Scorch (safe; 1% risk of failure)
Confirm with . or Enter, or press ? or * to list all spells.
Flames lash the black bear.
The black bear growls angrily.
The black bear is lightly wounded.
The black bear's fire resistance burns away.
Unknown command.
Casting: Scorch (safe; 1% risk of failure)
Confirm with . or Enter, or press ? or * to list all spells.
Flames lash the black bear.
The black bear is burned terribly!
The black bear is severely wounded.
You block the black bear's attack. The black bear claws you.
You block the black bear's attack.
Unknown command.
Casting: Scorch (safe; 1% risk of failure)
Confirm with . or Enter, or press ? or * to list all spells.
Flames lash the black bear.
The black bear is burned terribly!
You kill the black bear!
Sif Muna accepts your kill.
Unknown command.
You see here a black bear corpse.
As you open the door, it creaks loudly!
A hound and a shadow come into view.
The hound barks!
You hear a shout!
You hear an angry growl.
You hear a shout!
A two-headed ogre comes into view.
It is wielding a +0 giant club and a +0 giant spiked club.
The hound moves out of view.
The shadow moves out of view.
Casting: Scorch (safe; 1% risk of failure)
Confirm with . or Enter, or press ? or * to list all spells.
Okay, then.
You feel yourself speed up.
The two-headed ogre hits you with a +0 giant club!!!
Ouch! That really hurt!
* * * LOW HITPOINT WARNING * * *
The two-headed ogre hits you with a +0 giant spiked club!!
You die...

#.. # #.# .#
#)##.# [)...#
#.#### #.#
##### #.##
####...# ...#
#.hO.♣.# ..<#
#@♣.# ...#
######.♣.# #.##
#........# #.#
###
###.########
#.#♣♣.♣♣#...♣
#.#♣....#†♣♣♣♣#
#.#♣.≈♣.#.....#
#.#♣.~..#♣♣♣♣.#
#.#..≈.♣#.....#


You could see a two-headed ogre and a hound.

Vanquished Creatures
  A two-headed ogre (D:6)
  A steam dragon (D:7)
  Edmund (D:4)
  2 ice beasts
  2 black bears
  2 orc warriors
  A sky beast (D:7)
  2 centaurs (D:5)
  A phantom (D:6)
  A kobold brigand (D:6)
  2 gnoll sergeants (D:6)
  5 scorpions
  A wight (D:7)
  5 hounds
  2 gnoll boudas
  2 orc priests
  A jelly (D:6)
  Crazy Yiuf (D:3)
  Terence (D:3)
  4 iguanas
  17 gnolls
  11 adders
  A shadow imp (D:6)
  A white imp (D:7)
  An ufetubus (D:5)
  A worm (D:2)
  A dart slug (D:2)
  21 orcs
  11 ball pythons
  2 bats (D:1)
  14 endoplasms
  2 giant cockroaches
  3 goblins
  7 hobgoblins
  3 jackals (D:3)
  4 quokkas
  2 frilled lizards (D:3)
  8 kobolds
  5 rats
153 creatures vanquished.

Vanquished Creatures (others)
  285 foxfires
  A fulminant prism (D:7)
286 creatures vanquished.

Grand Total: 439 creatures vanquished

Notes
Turn   | Place    | Note
-------+----------+-------------------------------------------
     0 | D:1      | Conn the Octopode Fire Elementalist began the quest for the
                  | Orb.
     0 | D:1      | Reached XP level 1. HP: 11/11 MP: 3/3
   213 | D:1      | Reached XP level 2. HP: 17/17 MP: 1/5
   543 | D:1      | Reached XP level 3. HP: 15/21 MP: 2/6
   654 | D:1      | Found a faded altar of an unknown god.
   828 | D:1      | Learned a level 2 spell: Scorch
   832 | D:1      | Learned a level 3 spell: Inner Flame
  1180 | D:2      | Found Enepist's Jewellery Emporium.
  1848 | D:2      | Reached XP level 4. HP: 26/27 MP: 4/7
  2231 | D:3      | Noticed Terence
  2237 | D:3      | Killed Terence
  2491 | D:3      | Found a runed translucent door.
  2492 | D:3      | Noticed Crazy Yiuf
  2519 | D:3      | Killed Crazy Yiuf
  2520 | D:3      | Reached skill level 3 in Spellcasting
  2520 | D:3      | Reached XP level 5. HP: 32/32 MP: 2/9
  2866 | D:5      | Entered Level 5 of the Dungeon
  3147 | D:5      | Noticed a centaur
  3149 | D:5      | Reached XP level 6. HP: 37/37 MP: 11/11
  3156 | D:5      | Reached skill level 1 in Fighting
  3542 | D:4      | Reached skill level 4 in Spellcasting
  3554 | D:4      | Reached skill level 5 in Fire Magic
  3554 | D:4      | Reached XP level 7. HP: 43/43 MP: 0/13
  3742 | D:4      | Noticed Edmund
  3815 | D:4      | Learned a level 4 spell: Flame Wave
  3819 | D:4      | Learned a level 3 spell: Ozocubu's Armour
  4295 | D:4      | Killed Edmund
  4605 | D:5      | Reached skill level 1 in Ice Magic
  4789 | D:5      | Reached skill level 5 in Spellcasting
  4789 | D:5      | Reached XP level 8. HP: 29/48 MP: 0/15
  4797 | D:5      | Found a staircase to the Ecumenical Temple.
  4813 | Temple   | Entered the Ecumenical Temple
  4927 | Temple   | Became a worshipper of Sif Muna the Loreminder
  5542 | D:6      | Noticed a two-headed ogre
  5578 | D:6      | Killed a two-headed ogre
  5579 | D:6      | Reached skill level 1 in Maces & Flails
  5579 | D:6      | Reached skill level 6 in Spellcasting
  5579 | D:6      | Reached XP level 9. HP: 24/53 MP: 1/18
  5719 | D:6      | Reached skill level 1 in Throwing
  5755 | D:6      | Found a runed translucent door.
  5759 | D:6      | Noticed ciphuk's ghost (novice TrMo)
  5802 | D:6      | Reached skill level 1 in Hexes
  6227 | D:6      | Learned a level 4 spell: Fulminant Prism
  6313 | D:6      | Reached * piety under Sif Muna
  6695 | D:6      | Reached skill level 7 in Spellcasting
  7118 | D:6      | Found a radiant altar of Vehumet.
  7150 | D:6      | Found a snail-covered altar of Cheibriados.
  7597 | D:7      | Reached skill level 5 in Conjurations
  7846 | D:7      | Noticed a two-headed ogre
  7847 | D:7      | Mangled by a two-headed ogre

Illustrated notes

Levels and vault maps discovered:
D:1:      co_arrival_square_in_a_square_in_a_square, layout_basic,
          shapermc_ecumenical_altar_hornbeckon, due_unseen_surprise
D:2:      layout_loops_corners, serial_shops, shop
D:3:      layout_basic, uniq_crazy_yiuf_cottage, uniq_terence
D:4:      layout_basic, uniq_edmund
D:5:      layout_loops_ring, minmay_temple_entry_tees, grunt_decor_junction
D:6:      minmay_octagon_keep, layout_cave_pools, mainiacjoe_overflow_two_lobes,
          gammafunk_ghost_grave, roderic_lattice_a, grunt_decor_fettered
D:7:      nzn_winding_woodlands_three_and_one
          [nzn_winding_woodlands_5x15_river_crossing,
          nzn_winding_woodlands_5x15_sidewinder,
          nzn_winding_woodlands_5x15_pathside_ponds,
          nzn_winding_woodlands_center_lodge], layout_loops_corners,
          serial_shops, shop, gammafunk_ghost_necromancy
Temple:   nicolae_temple_bog_church

Skill      XL: |  1  2  3  4  5  6  7  8  9 |
---------------+----------------------------+-----
Stealth        | 3 4 |  4.9
Fire Magic     | 4 5 6 |  6.7
Spellcasting   | 3 4 5 6 7 |  7.8
Conjurations   | 2 3 4 5 |  5.1
Fighting       | 1 |  1.6
Ice Magic      | 1 2 3 |  3.3
Maces & Flails | 1 2 |  2.5
Dodging        | 3 |  3.2
Throwing       | 1 |  1.8
Hexes          | 1 |  1.1
Short Blades   | |  0.8
Shields        | |  0.9

Action                     |  1- 3 |  4- 6 |  7- 9 || total
---------------------------+-------+-------+-------++-------
  Melee: Unarmed           |    12 |     2 |       ||    14
         Constrict         |     2 |     8 |    11 ||    21
         Tentacles         |     2 |    10 |    12 ||    24
         Short sword       |       |    38 |     7 ||    45
         Dire flail        |       |       |    36 ||    36
         Punch             |       |       |     1 ||     1
  Throw: Dart              |       |       |     8 ||     8
   Cast: Foxfire           |    59 |    43 |    66 ||   168
         Scorch            |       |    23 |    62 ||    85
         Inner Flame       |       |     2 |     9 ||    11
         Flame Wave        |       |       |     7 ||     7
         Ozocubu's Armour  |       |       |     3 ||     3
         Fulminant Prism   |       |       |     1 ||     1
  Evoke: Wand              |       |     1 |       ||     1
    Use: Scroll            |       |       |    11 ||    11
         Potion            |       |       |     3 ||     3
   Stab: Sleeping          |       |     7 |     3 ||    10
 Armour: Skin              |     4 |     4 |    16 ||    24
  Dodge: Dodged            |    14 |    40 |    57 ||   111
  Block: Other             |     3 |     9 |    19 ||    31
         Reflection        |       |       |     3 ||     3

Table legend: (Time is in decaauts)
 A = Elapsed time spent in this place.
 B = Non-inter-level travel time spent in this place.
 C = Inter-level travel time spent in this place.
 D = Time resting spent in this place.
 E = Time spent auto-exploring this place.
 F = Levels seen in this place.
 G = Mean time per level.
                   A        B        C        D        E       F      G
               +--------+--------+--------+--------+--------+-----+--------+
         Total |   7844 |   7654 |    190 |    622 |   4964 |   8 |  980.5 |
       Dungeon |   7718 |   7533 |    185 |    622 |   4863 |   7 | 1102.6 |
        Temple |    125 |    120 |      5 |      0 |    101 |   1 |  125.0 |
               +--------+--------+--------+--------+--------+-----+--------+

Top non-repeatable levels by time:
     D:6: 2192 daAuts
     D:4: 1267 daAuts
     D:2: 1156 daAuts
     D:5: 992 daAuts
     D:1: 970 daAuts
     D:3: 825 daAuts
     D:7: 313 daAuts
  Temple: 125 daAuts
